 Dungeon Crawl Stone Soup version 0.26.1-11-gd32895ea62 (webtiles) character file.

Game seed: 1323156480140943455

71 raph the Vandal (level 4, -3/30 HPs)
             Began as a Halfling Hunter on June 20, 2021.
             Killed by nerve-wracking pain
             ... invoked by Jessica
              (11 damage)
             ... on level 2 of the Dungeon.
             The game lasted 00:04:05 (2556 turns).

raph the Vandal (Halfling Hunter)                   Turns: 2556, Time: 00:04:05

Health: -3/30      AC:  3    Str: 13    XL:     4   Next: 47%
Magic:  4/4        EV: 15    Int:  9    God:
Gold:   103        SH:  0    Dex: 15    Spells: 3/3 levels left

rFire    . . .     SeeInvis .   a - +0 hunting sling (vorpal)
rCold    . . .     Faith    .   (shield restricted)
rNeg     . . .     Spirit   .   c - +0 leather armour
rPois    .         Reflect  .   (no helmet)
rElec    .         Harm     .   (no cloak)
rCorr    .         Rampage  .   (no gloves)
Will     .....                  (no boots)
Stlth    ++........             (no amulet)
HPRegen  0.10/turn              (no ring)
MPRegen  0.09/turn              (no ring)

@: attractive
A: small, mutation resistance 1
a: no special abilities


You were on level 2 of the Dungeon.
You visited 1 branch of the dungeon, and saw 2 of its levels.

You collected 103 gold pieces.

Inventory:

Hand Weapons
 a - a +0 vorpal hunting sling (weapon)
 b - a +0 short sword of protection
 g - a +1 hunting sling
 i - a +0 short sword
Missiles
 d - 8 sling bullets (quivered ammo)
 f - 49 stones
Armour
 c - a +0 leather armour (worn)
Scrolls
 e - 2 scrolls of enchant armour {unknown}
 h - a scroll of remove curse {unknown}
 m - a scroll of fog {unknown}
 n - 2 scrolls of identify {unknown}
Potions
 j - a potion of curing
 l - a potion of magic {unknown}
 o - a potion of degeneration {unknown}


   Skills:
 + Level 2.3 Fighting
 * Level 6.9 Slings
 + Level 2.9 Dodging
 + Level 2.1 Stealth


You had 3 spell levels left.
You didn't know any spells.
Your spell library was empty.

Dungeon Overview and Level Annotations

Branches:
Dungeon (2/15)

Altars:
Qazlal

Annotations:
D:2 Jessica


Innate Abilities, Weirdness & Mutations

You are small and have problems with some larger weapons.
You are somewhat resistant to further mutation.


Message History

Aim: Jessica, wielding a +1 vampiric dagger and wearing a +0 robe (translocational energy, heavily wounded, fast, 63% to hit)
You shoot a sling bullet.
The sling bullet closely misses Jessica.
Jessica closely misses you.
Fire: 10 sling bullets
Press: ? - help, Q - select action, (/) - cycle Shift-Dir - straight line, f/p - Jessica
Aim: Jessica, wielding a +1 vampiric dagger and wearing a +0 robe (translocational energy, heavily wounded, fast, 63% to hit)
You shoot a sling bullet. The sling bullet hits Jessica.
Jessica is severely wounded.
Jessica closely misses you.
Fire: 9 sling bullets
Press: ? - help, Q - select action, (/) - cycle Shift-Dir - straight line, f/p - Jessica
Aim: Jessica, wielding a +1 vampiric dagger and wearing a +0 robe (translocational energy, severely wounded, fast, 63% to hit)
You shoot a sling bullet.
The sling bullet hits Jessica but does no damage.
Jessica is severely wounded.
Jessica is no longer moving quickly.
Jessica gestures at you while chanting. Pain shoots through your body!
You die...

#.#...#.###...### #.#
#.#...[.. #.....# #.#
#....###..#.###.###.#
#.... #..... #.....#
.. #.###..#.###.##
.... #......#..# #
#..#.###..#).#
.....#ยง....# #.#
#..#@###.# . #..@.#
#.# # #(#..# #.# ####
.....## #.# ....
#..###.# #.# ####
.... ... ..# # #?##
##.# ### # #.# # #!#


You could see Jessica.

Vanquished Creatures
  2 adders (D:2)
  An ooze (D:1)
  A worm (D:2)
  2 dart slugs (D:2)
  A leopard gecko (D:2)
  3 giant cockroaches
  6 goblins
  7 hobgoblins
  4 bats (D:2)
  2 frilled lizards (D:1)
  4 kobolds
  6 rats
39 creatures vanquished.

Vanquished Creatures (others)
  A rat (D:1)
1 creature vanquished.

Grand Total: 40 creatures vanquished

Notes
Turn   | Place    | Note
-------+----------+-------------------------------------------
     0 | D:1      | raph the Halfling Hunter began the quest for the Orb.
     0 | D:1      | Reached XP level 1. HP: 14/14 MP: 1/1
   141 | D:1      | Reached skill level 6 in Slings
   185 | D:1      | Reached XP level 2. HP: 19/19 MP: 2/2
   558 | D:1      | Reached XP level 3. HP: 13/24 MP: 3/3
  1583 | D:2      | Found a stormy altar of Qazlal.
  1735 | D:2      | Reached XP level 4. HP: 12/29 MP: 4/4
  2528 | D:2      | Noticed Jessica
  2551 | D:2      | HP: 1/30 [Jessica/+1 vampiric dagger (5)]
  2556 | D:2      | Killed from afar by Jessica

Illustrated notes

Levels and vault maps discovered:
D:1:      tarquinn_simple_flora_water_d, layout_basic, lemuel_flame_loot_1
D:2:      minmay_general_purpose_star, layout_loops_ring, grunt_qazlal_clouds,
          lemuel_coloured_pillars_altar, hangedman_decor_points, uniq_jessica

Skill      XL: |  1  2  3 |
---------------+----------+-----
Slings         | 6 |  6.9
Fighting       | 2 |  2.3
Stealth        | 2 |  2.1
Dodging        | |  2.9

Action                   |  1- 3 |  4- 6 || total
-------------------------+-------+-------++-------
Melee: Short sword       |   112 |    55 ||   167
 Fire: Hunting sling     |    14 |    11 ||    25
  Use: Potion            |       |     2 ||     2
 Stab: Sleeping          |       |     2 ||     2
Armor: Leather armour    |    27 |    19 ||    46
Dodge: Dodged            |    84 |    48 ||   132
